 Dungeon Crawl Stone Soup version 0.30-a0-347-gf58ed5266c (webtiles) character file.

Game seed: 13848164154394441534

28 mcwallace the Chiller (level 3, 0/18 HPs)
             Began as a Vine Stalker Ice Elementalist on Nov 6, 2022.
             Slain by an adder (3 damage)
             ... on level 2 of the Dungeon.
             The game lasted 00:02:50 (1237 turns).

mcwallace the Chiller (VSIE)                        Turns: 1237, Time: 00:02:51

Health: 0/18       AC:  4    Str: 10    XL:     3   Next: 14%
Magic:  0/7        EV: 12    Int: 17    God:
Gold:   59         SH:  0    Dex: 18    Spells: 6/7 levels left

rFire   . . .      SeeInvis .    k - +1 whip (flame) {mace}
rCold   . . .      Faith    .    (no shield)
rNeg    . . .      Spirit   +    l - +2 robe of Pantheism {rPois Dex+4}
rPois   +          Reflect  .    (no helmet)
rElec   .          Harm     .    (no cloak)
rCorr   .          Rampage  .    (no gloves)
Will    .....                    (no boots)
Stlth   ++........               (no amulet)
HPRegen 0.23/turn                (no ring)
MPRegen 0.10/turn                (no ring)

@: very slightly contaminated
A: fangs 2, magic shield, antimagic bite, no potion heal 2
a: no special abilities


You were on level 2 of the Dungeon.
You visited 1 branch of the dungeon, and saw 2 of its levels.

You collected 59 gold pieces.


Innate Abilities, Weirdness & Mutations

You have extremely sharp teeth.
When hurt, damage is shared between your health and your magic reserves.
Your bite disrupts and absorbs the magic of your enemies.
Potions cannot restore your health.


   Skills:
 + Level 1.0 Fighting
 + Level 2.0 Dodging
 - Level 2.4 Stealth
 + Level 2.5 Spellcasting
 + Level 4.2 Ice Magic


You had 6 spell levels left.
You knew the following spells:

 Your Spells              Type           Power      Damage    Failure   Level
a - Freeze                Ice            64%        1d7       3%          1

Your spell library contained the following spells:

 Spells                   Type           Power      Damage    Failure   Level
 Frozen Ramparts          Ice            32%        1d5       10%         3
 Ozocubu's Armour         Ice            16%        N/A       10%         3
 Summon Ice Beast         Ice/Summ       9%         N/A       58%         4

Inventory:

Hand Weapons
 g - a +0 dagger {short}
   (You took it off a goblin on level 1 of the Dungeon)
 k - a +1 whip of flaming (weapon) {mace}
   (You took it off a kobold on level 1 of the Dungeon)
Missiles
 c - 6 stones {throwing}
 f - 2 datura-tipped darts {throwing}
 h - 6 poisoned darts {throwing}
Armour
 a - a +0 robe
 l - the +2 robe of Pantheism (worn) {rPois Dex+4}
   (You found it on level 2 of the Dungeon)

   Dex:       It affects your dexterity (+4).
   rPois:     It protects you from poison.
Jewellery
 e - an amulet of faith {!P}
   (You found it on level 1 of the Dungeon)
Scrolls
 i - a scroll of teleportation {unknown}
 j - a scroll of identify {unknown}
Potions
 b - a potion of magic
 d - 3 potions of heal wounds {unknown}

Dungeon Overview and Level Annotations

Branches:
Dungeon (2/15) Zot: 10763

Altars:

Shops:
D:1

! ######### ###
#.......# #..
#.......# ####.#
#...)...# ###....#
##.......#
.#...#(.####........#
.........S@.........#
.###.########...<...#
#...<...# #.......#
#.......# #.#######
#.# #.# #.


You could see a neutral adder (fast, strong, insane).


Message History

There is a stone staircase leading up here.
The goblin shoots a sling bullet.
The sling bullet closely misses you.
You climb upwards.
There is a stone staircase leading down here. 😕 HP[+1]
You start removing your armour.
You continue taking off your +0 robe. x4
You finish taking off your +0 robe.
You start putting on your armour.
You continue putting on the +2 robe of Pantheism {rPois Dex+4}. x5
You finish putting on the +2 robe of Pantheism {rPois Dex+4}.
You feel agile. 😎 HP[+2] MP[+1]
Your hp is fully restored (18).
Your mp is fully restored (7).
You climb downwards.
The goblin shoots a sling bullet.
The sling bullet closely misses you.
There is a stone staircase leading up here.
The goblin shoots a sling bullet.
The sling bullet hits you. 😕 HP[-1]
You take 1 damage, and now have 17/18 hp.
The goblin unwields a +0 sling.
The goblin wields a +0 dagger.
The goblin closely misses you.
You hit the goblin. You burn the goblin.
You kill the goblin! 😎 HP[+1]
Your hp is fully restored (18).
Things that are here:
a +0 dagger {short}; a +0 sling An adder comes into view.
An adder is nearby!
Aiming: Freeze (safe; 3% risk of failure)
Press: ? - help, Q - select action, (/) - cycle Shift-Dir - straight line, f - you
Okay, then.
You see here 16 gold pieces.
The adder hisses angrily.
The adder bites you. 😕 HP[-2] MP[-1]
You take 2 damage, and now have 16/18 hp.
You lost 1 mp, and now have 6/7 mp.
You don't have any such object.
Fire/throw/use which item? ([*] to toss any item) (? for menu, Esc to quit)
You don't have any such object.
Fire/throw/use which item? ([*] to toss any item) (? for menu, Esc to quit)
Throw: 3 darts (datura) {throwing}
Press: ? - help, Shift-Dir - straight line, f - adder
Aim: an adder (42% to hit, chance to frenzy on hit: 100%)
You throw a datura-tipped dart {throwing}.
The datura-tipped dart {throwing} hits the adder.
The adder flies into a frenzy!
The adder bites you. x2
* * * LOW HITPOINT WARNING * * *
😨 HP[-9] MP[-3]
You take 9 damage, and now have 7/18 hp.
MASSIVE DAMAGE!! (PAUSE)
You lost 3 mp, and now have 3/7 mp.
The adder bites you but does no damage. 😨 HP[+1]
The adder attacks as you move away! The adder bites you.
* * * LOW HITPOINT WARNING * * *
The adder barely misses you.
You see here 16 gold pieces. 😨 HP[-2]
You take 2 damage, and now have 6/18 hp.
The adder bites you.
* * * LOW HITPOINT WARNING * * *
😨 HP[-1]
You take 1 damage, and now have 5/18 hp.
You barely miss the adder. The adder barely misses you. The adder bites you.
* * * LOW HITPOINT WARNING * * *
😱 HP[-2]
You take 2 damage, and now have 3/18 hp.
Casting: Freeze (safe; 3% risk of failure)
Confirm with . or Enter, or press ? or * to list all spells.
Aiming: Freeze (safe; 3% risk of failure)
Press: ? - help, Shift-Dir - straight line, f/p - adder
Aim: an adder (fast, strong, frenzied and insane)
You freeze the adder. The adder closely misses you. The adder bites you.
* * * LOW HITPOINT WARNING * * *
😱 MP[-1]
You lost 1 mp, and now have 2/7 mp.
Casting: Freeze (safe; 3% risk of failure)
Confirm with . or Enter, or press ? or * to list all spells.
Aiming: Freeze (safe; 3% risk of failure)
Press: ? - help, Shift-Dir - straight line, f/p - adder
Aim: an adder (heavily wounded, fast, strong, frenzied and insane)
You freeze the adder.
The adder closely misses you. x2 😱 MP[-1]
You lost 1 mp, and now have 1/7 mp.
Casting: Freeze (safe; 3% risk of failure)
Confirm with . or Enter, or press ? or * to list all spells.
Aiming: Freeze (safe; 3% risk of failure)
Press: ? - help, Shift-Dir - straight line, f/p - adder
Aim: an adder (almost dead, fast, strong, frenzied and insane)
You miscast Freeze.
You are very lightly contaminated with residual magic.
Nothing appears to happen.
The adder barely misses you.
The adder bites you but does no damage. 😱 MP[-1]
You lost 1 mp, and now have 0/7 mp.
The adder attacks as you move away! The adder bites you.
You die...

Skill      XL: |  1  2  3 |
---------------+----------+-----
Fighting       | 1 |  1.0
Dodging        | 2 |  2.0
Stealth        | |  2.4
Spellcasting   | |  2.5
Ice Magic      | |  4.2

Action                   || total
-------------------------++-------
Melee: Unarmed           ||     5
       Bite              ||     3
       Dagger            ||    12
       Whip              ||     2
Throw: Dart              ||     1
 Cast: Freeze            ||    25
 Stab: Sleeping          ||     1
Armor: Robe              ||    12
Dodge: Dodged            ||    27

Levels and vault maps discovered:
D:1:      heliophobic_arrival_dark_side_of_the_moon, layout_basic, serial_shops,
          nicolae_shop_behind_doors, minivault_23
D:2:      layout_rooms, basic_altar, uniq_robin, uniq_crazy_yiuf_cottage,
          uniq_jessica

Notes
Turn   | Place    | Note
-------+----------+-------------------------------------------
     0 | D:1      | mcwallace the Vine Stalker Ice Elementalist began the quest
                  | for the Orb.
     0 | D:1      | Reached XP level 1. HP: 9/9 MP: 4/4
     0 | D:1      | magus.rc [v1.9.6]
    73 | D:1      | Found Xurgh's Distillery.
   254 | D:1      | Reached XP level 2. HP: 8/14 MP: 0/6
  1003 | D:1      | Reached skill level 1 in Fighting
  1079 | D:1      | Reached XP level 3. HP: 15/18 MP: 5/7
  1081 | D:1      | Reached skill level 2 in Dodging
  1197 | D:2      | Identified the +2 robe of Pantheism {rPois Dex+4}
  1233 | D:2      | HP: 3/18 [adder (2)]
  1237 | D:2      | Slain by an adder

Vanquished Creatures
  3 bats (D:1)
  4 endoplasms (D:1)
  3 giant cockroaches (D:1)
  3 goblins
  2 hobgoblins (D:1)
  A quokka (D:1)
  2 ball pythons (D:1)
  A frilled lizard (D:1)
  3 kobolds (D:1)
22 creatures vanquished.

Table legend:
 A = Non-vault XP
 B = Vault XP
 C = Vault XP percentage of total XP
 D = Non-vault monster count
 E = Vault monster count
 F = Vault count percentage of total count
                 A         B        C        D         E       F
            +---------+---------+-------+---------+---------+-------
      Total |      41 |       0 |   0.0 |      22 |       0 |   0.0
            +---------+---------+-------+---------+---------+-------
        D:1 |      39 |       0 |   0.0 |      21 |       0 |   0.0
        D:2 |       2 |       0 |   0.0 |       1 |       0 |   0.0
            +---------+---------+-------+---------+---------+-------

Illustrated notes

Table legend:
 A = Kills in this place as a percentage of kills in entire the game.
 B = Kills by you in this place as a percentage of kills by you in the entire game.
 C = Kills by friends in this place as a percentage of kills by friends in the entire game.
 D = Other kills in this place as a percentage of other kills in the entire game.
 E = Experience gained in this place as a percentage of experience gained in the entire game.
 F = Experience gained in this place divided by the number of levels of this place that you have seen.
                   A       B       C       D       E      F
               +-------+-------+-------+-------+-------+----------------------
         Total | 100.0 | 100.0 |   N/A |   N/A | 100.0 |  20.5
       Dungeon | 100.0 | 100.0 |   N/A |   N/A | 100.0 |  20.5
               +-------+-------+-------+-------+-------+----------------------

Table legend: (Time is in decaauts)
 A = Elapsed time spent in this place.
 B = Non-inter-level travel time spent in this place.
 C = Inter-level travel time spent in this place.
 D = Time resting spent in this place.
 E = Time spent auto-exploring this place.
 F = Levels seen in this place.
 G = Mean time per level.
                   A        B        C        D        E       F      G
               +--------+--------+--------+--------+--------+-----+--------+
         Total |   1237 |   1195 |     42 |      0 |   1022 |   2 |  618.5 |
       Dungeon |   1237 |   1195 |     42 |      0 |   1022 |   2 |  618.5 |
               +--------+--------+--------+--------+--------+-----+--------+

Top non-repeatable levels by time:
     D:1: 1206 daAuts
     D:2: 30 daAuts
